 Dungeon Crawl Stone Soup version 0.23.0 (webtiles) character file.

Game seed: 8782618832995710188

65 fartymcfart the Firebug (level 3, -4/24 HPs)
             Began as a Demonspawn Fire Elementalist on Feb 16, 2019.
             Slain by an iron imp (11 damage)
             ... summoned by Natasha
             ... on level 2 of the Dungeon.
             The game lasted 00:02:46 (2420 turns).

fartymcfart the Firebug (DsFE)                      Turns: 2420, Time: 00:02:46

Health: -4/24      AC:  2    Str:  8    XL:     3   Next: 92%
Magic:  0/6        EV: 12    Int: 17    God:
Gold:   94         SH:  0    Dex: 13    Spells: 2/6 levels left

rFire    . . .     SeeInvis .   h - -1 spear (curse)
rCold    . . .     Gourm    .   (no shield)
rNeg     . . .     Faith    .   a - +0 robe
rPois    .         Spirit   .   (no helmet)
rElec    .         Reflect  .   (no cloak)
rCorr    .         Harm     .   (no gloves)
MR       .....                  (no boots)
Stlth    ++........             (no amulet)
HPRegen  0.08/turn              (no ring)
MPRegen  0.10/turn              (no ring)

@: very slightly contaminated
A: hooves 1, demonic guardian 1
a: no special abilities


You were on level 2 of the Dungeon.
You were hungry.

You visited 1 branch of the dungeon, and saw 2 of its levels.

You collected 94 gold pieces.

Inventory:

Hand Weapons
 h - a cursed -1 spear (weapon)
Armour
 a - a +0 robe (worn)
 l - a +0 shield
Scrolls
 d - a scroll of teleportation {unknown}
 e - a scroll of enchant weapon {unknown}
 f - 3 scrolls of identify {unknown}
 i - a scroll of fog {unknown}
 m - a scroll of remove curse {unknown}
Potions
 b - 4 potions of heal wounds {unknown}
 g - a potion of curing {unknown}
 j - a potion of might {unknown}
 k - 2 potions of degeneration {unknown}
Comestibles
 c - 7 rations


   Skills:
 - Level 1.7 Dodging
 - Level 1.7 Stealth
 + Level 2.4 Spellcasting
 * Level 2.4 Conjurations
 * Level 3.4 Fire Magic


You had 2 spell levels left.
You knew the following spells:

 Your Spells              Type           Power        Failure   Level  Hunger
a - Flame Tongue          Conj/Fire      ##...        5%          1    #......
b - Conjure Flame         Conj/Fire      ##......     16%         3    ###....

Your spell library contained the following spells:

 Spells                   Type           Power        Failure   Level  Hunger
 Throw Flame              Conj/Fire      ##....       9%          2    ##.....
 Inner Flame              Hex/Fire       #.......     26%         3    ###....
 Sticky Flame             Conj/Fire      ##......     47%         4    #####..
 Fireball                 Conj/Fire      ##........   83%         5    ######.


Dungeon Overview and Level Annotations

Branches:
Dungeon (2/15)

Altars:

Annotations:
D:2 Natasha


Innate Abilities, Weirdness & Mutations

You have large cloven feet.
A weak demonic guardian rushes to your aid.


Message History

Natasha is lightly wounded.
Natasha mumbles some strange words.
You feel troubled. Natasha casts a spell at you. The magic dart hits you.
Your iron imp closely misses Natasha.
The iron imp closely misses you.
Your shadow imp hits the iron imp but does no damage.
Casting: Flame Tongue (safe; 5% risk of failure)
Confirm with . or Enter, or press ? or * to list all spells.
Aiming: Flame Tongue (safe; 5% risk of failure)
Press: ? - help, Shift-Dir - straight line, f/p - Natasha
Aim: Natasha (lightly wounded)
The flame tongue hits Natasha.
Natasha is lightly wounded.
Natasha claws you.
* * * LOW HITPOINT WARNING * * *
Your iron imp hits Natasha.
Your shadow imp hits the iron imp but does no damage.
The iron imp hits you!
You die...

#..# #....#..###.# #
##.##
###..#.####.###....
#..#
####..#..).........#
##.#
#....((..##.####.#.#
#.###.#####..##.#
#..##.# #..##.#
##.##.#####..##..
#..#.#......#### #
###....#.##@##
#.#......#..5h5#
..........####5.#
....###.....# #..#
.... #...)## #..#
....######.## #...
............# #....
...###......####.#...
...#
#...........#...#


You could see an iron imp, Natasha, a friendly iron imp and a friendly shadow
imp.

Vanquished Creatures
  2 adders (D:2)
  A worm (D:2)
  2 dart slugs (D:1)
  A leopard gecko (D:1)
  A ball python (D:1)
  5 giant cockroaches (D:1)
  6 hobgoblins
  4 jackals (D:1)
  3 bats
  3 frilled lizards (D:1)
  2 goblins
  3 kobolds
  4 rats (D:1)
37 creatures vanquished.

Notes
Turn   | Place    | Note
-------+----------+-------------------------------------------
     0 | D:1      | fartymcfart the Demonspawn Fire Elementalist began the
                  | quest for the Orb.
     0 | D:1      | Reached XP level 1. HP: 13/13 MP: 3/3
   554 | D:1      | Gained mutation: You have large cloven feet. [demonic
                  | ancestry]
   554 | D:1      | Reached XP level 2. HP: 13/19 MP: 1/5
   709 | D:1      | Reached skill level 3 in Fire Magic
  1344 | D:1      | Gained mutation: A weak demonic guardian rushes to your
                  | aid. [demonic ancestry]
  1344 | D:1      | Reached XP level 3. HP: 24/24 MP: 0/6
  2223 | D:2      | Learned a level 3 spell: Conjure Flame
  2410 | D:2      | Noticed Natasha
  2420 | D:2      | Slain by an iron imp

Skill      XL: |  1  2 |
---------------+-------+-----
Fire Magic     | 3 |  3.4
Conjurations   | 2 |  2.4
Dodging        | |  1.7
Stealth        | |  1.7
Spellcasting   | |  2.4

Action                   || total
-------------------------++-------
Melee: Unarmed           ||    33
       Kick              ||     5
       Spear             ||    17
 Cast: Flame Tongue      ||    69
 Stab: Sleeping          ||     1
  Eat: Chunk             ||     5
Armor: Robe              ||    14
Dodge: Dodged            ||    62
